 Dungeon Sprint DCSS version 0.18-a0-46-g45ca8e4 (console) character file.

54 Kellhus the Thaumaturge (level 7, -4/36 HPs)
             Began as a Deep Elf Conjurer on Nov 6, 2015.
             Was a Priest of Vehumet.
             Slain by a killer bee (8 damage)
             ... in the Dungeon (Sprint VI: "Thunderdome").
             The game lasted 00:03:58 (345 turns).

Kellhus the Thaumaturge (Deep Elf Conjurer)          Turns: 345, Time: 00:03:58

Health: -4/36      AC:  2    Str:  5    XL:     7   Next: 5%
Magic:  11/25      EV: 13    Int: 22    God:    Vehumet [***...]
Gold:   280        SH:  0    Dex: 15    Spells: 4 memorised, 20 levels left

rFire  . . .     SeeInvis .     (no weapon)
rCold  . . .     Clarity  .     a - +0 robe
rNeg   . . .     SustAt   .     (no shield)
rPois  .         Gourm    .     (no helmet)
rElec  .         Spirit   .     (no cloak)
rCorr  .         Warding  .     (no gloves)
rMut   .         NoTele   +     (no boots)
MR     .....                    (no amulet)
Stlth  ++........               (no ring)
                                (no ring)

@: lethally poisoned (-4 -> -15), very slightly contaminated, not resistant to
hostile enchantments, unstealthy
A: no striking features
a: Renounce Religion


You were in the Dungeon.
You worshipped Vehumet.
Vehumet was most pleased with you.
You were not hungry.

You visited 1 branch You collected 280 gold pieces.

Inventory:

Armour
 a - a +0 robe (worn)
Wands
 k - a wand of cold (0)
 l - a wand of fire (5)
Scrolls
 i - 3 scrolls of blinking
 m - 3 scrolls of fog
Potions
 e - 4 potions of heal wounds
 f - 4 potions of haste
 g - 2 potions of magic
 h - a potion of berserk rage
 j - a potion of resistance
 o - a potion of agility {unknown}
Books
 b - a book of Conjurations

   Spells                             Type                      Level
   a - Magic Dart                     Conjuration                  1
   b - Searing Ray                    Conjuration                  2
   c - Dazzling Spray                 Conjuration/Hexes            3
   d - Fulminant Prism                Conjuration/Hexes            4
   e - Iskenderun's Mystic Blast      Conjuration                  4
   f - Iskenderun's Battlesphere      Conjuration/Charms           5
Comestibles
 c - a bread ration
 n - 4 chunks of flesh


   Skills:
 - Level 2.4 Dodging
 - Level 2.4 Stealth
 + Level 12.5 Spellcasting
 + Level 11.2 Conjurations
 + Level 6.5 Charms
 + Level 4.9 Fire Magic


You had 20 spell levels left.
You knew the following spells:

 Your Spells              Type           Power        Failure   Level  Hunger
a - Magic Dart            Conj           ####         1%          1    None
b - Iskenderun's Battles  Conj/Chrm      ######..     1%          5    ####...
c - Flame Tongue          Conj/Fire      #####        1%          1    None
d - Iskenderun's Mystic   Conj           ######..     1%          4    None


Dungeon Overview and Level Annotations

Branches:
Dungeon (1/1)

Altars:
Cheibriados
Dithmenos
Fedhas
Gozag
Kikubaaqudgha
Makhleb
Okawaru
Qazlal
Ru
Sif Muna
Trog
Vehumet
Xom
Yredelemnul
Zin
The Shining One
Jiyva
Lugonu

Shops:
D *[%??*?*:[((!!!!


Message History

The queen bee is moderately wounded.
The killer bee misses you. The killer bee stings you!
The killer bee stings you!
* * * LOW HITPOINT WARNING * * *
The killer bee stings you but does no damage.
Unknown command.
Casting: Iskenderun's Mystic Blast
Confirm with . or Enter, or press ? or * to list all spells.
Aiming: Iskenderun's Mystic Blast
Press: ? - help, Shift-Dir - straight line, f/p - killer bee
Aim: a killer bee (severely wounded)
Okay, then.
Drink which item? (? for menu, Esc to quit)
You feel better. The killer bee stings you.
* * * LOW HITPOINT WARNING * * *
You are poisoned.
The killer bee poisons you! The killer bee barely misses you.
The killer bee stings you.
* * * LOW HITPOINT WARNING * * *
You are more poisoned.
The killer bee poisons you! The killer bee stings you!
You die...

#_......._# #_......._#
#_......._#
###.........###
#⌠...........⌠#
#.8.........8.######
......###...y...§_∩##
....8.# #.8........∩###
......###.............##
...###...###[..yy..[..⌠#
...# #.<.# #....@.....⌠#
...###...###[.....)..)⌠#
......###.............##
....8.# #.8........∩###
......###..)....._∩##
#.8.........8.######
#⌠...........⌠#
###.........###
#........_# #_......._#
#_........#


You could see a queen bee and 2 killer bees.

Vanquished Creatures
  A queen bee (D)
  Sigmund (D)
  2 killer bees (D)
  An orc priest (D)
  Jessica (D)
  Terence (D)
  A worker ant (D)
  A worm (D)
  5 orcs (D)
14 creatures vanquished.

Notes
Turn   | Place    | Note
--------------------------------------------------------------
     0 | D        | Kellhus the Deep Elf Conjurer began the quest for the Orb.
     0 | D        | Reached XP level 1. HP: 10/10 MP: 6/6
     3 | D        | Found a glowing golden altar of the Shining One.
     4 | D        | Found a corrupted altar of Lugonu.
     5 | D        | Round 1.
     7 | D        | Found a burning altar of Makhleb.
     8 | D        | Found a glowing silver altar of Zin.
     8 | D        | Found an ancient bone altar of Kikubaaqudgha.
    11 | D        | Found a bloodstained altar of Trog.
    11 | D        | Found a deep blue altar of Sif Muna.
    13 | D        | Found a blossoming altar of Fedhas.
    14 | D        | Noticed Jessica
    14 | D        | Found an iron altar of Okawaru.
    18 | D        | Found a stormy altar of Qazlal.
    18 | D        | Found a sacrificial altar of Ru.
    19 | D        | Found a shadowy altar of Dithmenos.
    19 | D        | Found a radiant altar of Vehumet.
    20 | D        | Found Bigaumn's Bee Food.
    20 | D        | Found an opulent altar of Gozag.
    20 | D        | Found Sujef's Identification Station.
    21 | D        | Found Pyitaf's Magic Scroll Shop.
    22 | D        | Found Ruattil's Magic Scroll Shop.
    22 | D        | Found Adumaq's Must-Have Magic.
    28 | D        | Found Ymiphi's Jewellery.
    29 | D        | Found Surunoowy's Advanced Armour.
    38 | D        | Became a worshipper of Vehumet
    39 | D        | Killed Jessica
    39 | D        | Reached skill level 6 in Spellcasting
    39 | D        | Reached XP level 2. HP: 12/15 MP: 7/11
    53 | D        | Found a shimmering altar of Xom.
    53 | D        | Found Ihorr's Staff Store.
    59 | D        | Found a basalt altar of Yredelemnul.
    60 | D        | Found Muisey's Distillery.
    60 | D        | Found a snail-covered altar of Cheibriados.
    60 | D        | Found Poug's Do-It-Yourself Clinic.
    61 | D        | Found Cohoripp's Distillery.
    61 | D        | Found Xoxomnoj's Bottled Wisdom.
    62 | D        | Noticed Terence
    63 | D        | Noticed Sigmund
    66 | D        | Killed Sigmund
    66 | D        | Reached skill level 10 in Spellcasting
    66 | D        | Reached XP level 3. HP: 16/19 MP: 11/17
    66 | D        | Reached XP level 4. HP: 20/24 MP: 11/18
    66 | D        | Reached XP level 5. HP: 23/28 MP: 12/20
    69 | D        | Reached * piety under Vehumet
    69 | D        | Offered knowledge of Flame Tongue by Vehumet.
    71 | D        | Killed Terence
    71 | D        | Reached skill level 11 in Spellcasting
    71 | D        | Reached skill level 10 in Conjurations
    82 | D        | Learned a level 1 spell: Flame Tongue
    88 | D        | Learned a level 5 spell: Iskenderun's Battlesphere
    93 | D        | Learned a level 4 spell: Iskenderun's Mystic Blast
   128 | D        | Found a viscous altar of Jiyva.
   129 | D        | Found Jycyhick's Premium Goods.
   130 | D        | Found Bobbumia's Weapon Rack.
   130 | D        | Found Nugerof's Miscellaneous Merchandise.
   130 | D        | Found Yraurobe's Basic Armour.
   148 | D        | Arena points: 12 (+12) [x2]
   195 | D        | Round 2.
   207 | D        | Reached ** piety under Vehumet
   207 | D        | Offered knowledge of Freeze by Vehumet.
   233 | D        | Reached skill level 1 in Charms
   251 | D        | Reached skill level 1 in Fire Magic
   251 | D        | Reached XP level 6. HP: 32/32 MP: 20/22
   257 | D        | Reached *** piety under Vehumet
   257 | D        | Arena points: 54 (+42) [x3]
   333 | D        | Round 3.
   334 | D        | Noticed a queen bee
   337 | D        | Killed a queen bee
   337 | D        | Reached skill level 12 in Spellcasting
   337 | D        | Reached skill level 5 in Charms
   338 | D        | Noticed a queen bee
   343 | D        | Reached XP level 7. HP: 21/36 MP: 14/25
   345 | D        | Slain by a killer bee

Vault maps used:
D:        arena_sprint

Action                   |  1- 3 |  4- 6 |  7- 9 || total
-------------------------+-------+-------+-------++-------
 Cast: Flame Tongue      |       |    17 |     1 ||    18
       Iskenderun's Batt |       |     3 |       ||     3
       Magic Dart        |       |     2 |       ||     2
       Iskenderun's Myst |       |       |     1 ||     1
Evoke: Wand              |     3 |     2 |       ||     5
  Use: Scroll            |       |     1 |       ||     1
       Potion            |       |       |     1 ||     1
